 Dungeon Crawl Stone Soup version 0.26-a0-710-g95a0c6c400 (webtiles) character file.

Game seed: 4764695243395697284

1194 Ijustatesigmund the Sneak (level 8, 0/55 HPs)
             Began as an Octopode Fighter on Oct 29, 2020.
             Slain by a sky beast (6 damage)
             ... on level 5 of the Dungeon on Oct 30, 2020.
             The game lasted 00:08:02 (5788 turns).

Ijustatesigmund the Sneak (Octopode Fighter)        Turns: 5788, Time: 00:08:02

Health: 0/55       AC:  1    Str: 15    XL:     8   Next: 43%
Magic:  0/17       EV: 13    Int: 12    God:
Gold:   335        SH: 10    Dex: 12    Spells: 6/7 levels left

rFire    . . .     SeeInvis .   a - +1 war axe
rCold    . . .     Faith    .   b - +1 kite shield
rNeg     + . .     Spirit   +   (helmet restricted)
rPois    .         Reflect  .   h - amulet of guardian spirit
rElec    .         Harm     .   e - ring of positive energy
rCorr    .         Rampage  .   f - ring of magical power
MR       .....                  (no ring)
Stlth    ++++......             (no ring)
HPRegen  0.18/turn              (no ring)
MPRegen  0.15/turn              (no ring)
                                (no ring)
                                (no ring)

@: no status effects
A: almost no armour, stealthy swim, amphibious, 8 rings, constrict 8, camouflage
1, gelatinous body 1
a: no special abilities


You were on level 5 of the Dungeon.
You visited 1 branch of the dungeon, and saw 5 of its levels.

You collected 335 gold pieces.

Inventory:

Hand Weapons
 a - a +1 war axe (weapon)
 c - a +0 flail of protection
Missiles
 u - 11 poisoned darts (quivered)
Armour
 b - a +1 kite shield (worn)
Jewellery
 e - a ring of positive energy (left tentacle)
 f - a ring of magical power (right tentacle)
 h - an amulet of guardian spirit (around mantle)
Wands
 i - a wand of flame (12)
 l - a wand of iceblast (10)
Scrolls
 g - 2 scrolls of remove curse
 m - a scroll of fear
Potions
 d - a potion of brilliance
 k - 2 potions of ambrosia
 n - 2 potions of stabbing
 o - 7 potions of curing {unknown}
 p - 2 potions of haste {unknown}
 q - a potion of flight {unknown}
 r - 2 potions of degeneration {unknown}
 s - a potion of mutation {unknown}
 t - a potion of cancellation {unknown}


   Skills:
 - Level 5.0 Fighting
 - Level 4.4 Axes
 + Level 4.9 Dodging
 - Level 5.5 Stealth
 + Level 4.9 Shields
 + Level 3.7 Transmutations


You had 6 spell levels left.
You knew the following spells:

 Your Spells              Type           Power        Failure   Level
a - Beastly Appendage     Tmut           #.....       26%         1

Your spell library contained the following spells:

 Spells                   Type           Power        Failure   Level
 Wereblood                Tmut           #.......     38%         2
 Spider Form              Tmut/Pois      #.........   86%         3
 Ice Form                 Ice/Tmut       #.......     99%         4
 Blade Hands              Tmut           #.........   100%        5


Dungeon Overview and Level Annotations

Branches:
Dungeon (5/15)
 Temple: D:4-7

Altars:
Hepliaklqana
Makhleb
Yredelemnul
The Shining One

Shops:
D:4 (


Innate Abilities, Weirdness & Mutations

You cannot wear most types of armour.
You are very stealthy in the water. (Stealth+)
You are amphibious.
You can wear up to eight rings at the same time.
You can use your tentacles to constrict eight enemies at once.
Your skin changes colour to match your surroundings (Stealth+).
Your rubbery body absorbs attacks. (AC +1, EV +1)


Message History

You barely miss something. You block something's attack.
You miss something. Your squeeze misses something. Something hits you.
* * * LOW HITPOINT WARNING * * *
Something shocks you.
* * * LOW HITPOINT WARNING * * *
Something hits you.
* * * LOW HITPOINT WARNING * * *
Something shocks you.
* * * LOW HITPOINT WARNING * * *
You feel much better. Something hits you. Something shocks you.
* * * LOW HITPOINT WARNING * * *
You hit something. You squeeze something. You block something's attack.
You miss something. Something hits you.
* * * LOW HITPOINT WARNING * * *
Something shocks you.
* * * LOW HITPOINT WARNING * * *
You completely miss something. Something barely misses you. Something hits you.
* * * LOW HITPOINT WARNING * * *
Something shocks you.
You die...

........####.#######'#### #..
........................# #..
.##.#######.............# #.. #.
#...#.............# #.. #
#...#.............# #..
#.................# #..
###+###.##...#######'#### #..
+.......#....#######.# #.#
##......#......{@..#.##########..
#......#.#.######.#.............
##+###.........##'##.....######.
#...#.#.###.....'.....'....'.
#...#.#...#.....#.....######.
#...#.....#.....#.....# #.
#...#######.....#.....# #.
#...'...........#.....# #.
#...########....#.....# ##


There were no monsters in sight!

Vanquished Creatures
  Pikel (D:5)
  Edmund (D:5)
  Duvessa (D:5)
  3 lemures (D:5)
  Dowan (D:5)
  A hound (D:5)
  7 orc wizards (D:4)
  Jessica (D:2)
  2 worker ants
  A hound skeleton (D:4)
  9 adders
  An ufetubus (D:5)
  2 oozes
  4 worms
  A dart slug (D:1)
  2 leopard geckos (D:1)
  9 orcs
  A bat skeleton (D:2)
  6 giant cockroaches
  9 goblins
  4 hobgoblins
  17 jackals
  A ball python (D:4)
  6 bats
  7 frilled lizards
  9 kobolds
  A leopard gecko skeleton (D:4)
  A quokka skeleton (D:4)
  6 rats
115 creatures vanquished.

Vanquished Creatures (others)
  A ball python (D:3)
1 creature vanquished.

Grand Total: 116 creatures vanquished

Notes
Turn   | Place    | Note
-------+----------+-------------------------------------------
     0 | D:1      | Ijustatesigmund the Octopode Fighter began the quest for
                  | the Orb.
     0 | D:1      | Reached XP level 1. HP: 16/16 MP: 1/1
   119 | D:1      | Reached skill level 1 in Stealth
   129 | D:1      | Reached XP level 2. HP: 15/21 MP: 2/2
   444 | D:1      | Reached XP level 3. HP: 26/26 MP: 3/3
  1098 | D:2      | Reached XP level 4. HP: 32/33 MP: 4/4
  1971 | D:2      | Found a hazy altar of Hepliaklqana.
  2683 | D:2      | Noticed Jessica
  2687 | D:2      | Killed Jessica
  2687 | D:2      | Reached XP level 5. HP: 37/37 MP: 5/5
  2888 | D:3      | Upgraded the game from 0.26-a0-708-g17f3b190f9 to
                  | 0.26-a0-710-g95a0c6c400
  3607 | D:3      | Found a glowing golden altar of the Shining One.
  3612 | D:3      | Found a basalt altar of Yredelemnul.
  3614 | D:3      | Noticed a profane servitor
  3937 | D:4      | Reached XP level 6. HP: 37/44 MP: 6/6
  4181 | D:4      | Found a burning altar of Makhleb.
  4181 | D:4      | Found Zuff's Weapon Shop.
  4288 | D:4      | Reached skill level 5 in Stealth
  4306 | D:4      | Reached skill level 5 in Fighting
  4337 | D:4      | Learned a level 1 spell: Beastly Appendage
  4480 | D:4      | Reached XP level 7. HP: 50/50 MP: 7/7
  4810 | D:5      | Entered Level 5 of the Dungeon
  4826 | D:5      | Noticed Duvessa
  4826 | D:5      | Noticed Dowan
  4833 | D:5      | Killed Dowan
  4838 | D:5      | Killed Duvessa
  4838 | D:5      | Reached skill level 1 in Transmutations
  5035 | D:5      | Noticed Edmund
  5046 | D:5      | Killed Edmund
  5095 | D:5      | Noticed Pikel
  5185 | D:5      | Killed Pikel
  5185 | D:5      | Reached XP level 8. HP: 32/55 MP: 8/8
  5784 | D:5      | HP: 1/55 [something (6)]
  5788 | D:5      | Slain by a sky beast

Illustrated notes

Levels and vault maps discovered:
D:1:      dpeg_arrival_oval, layout_loops_ring, minmay_misc_feat_tiny
D:2:      minmay_recursive_quarters, layout_basic, lemuel_doored_altar,
          minmay_pentomino_u4, uniq_jessica
D:3:      layout_loops_ring, grunt_temple_overflow_holy_war
D:4:      layout_basic, lemuel_crystal_altar, serial_shops, nicolae_shop_trees,
          minmay_a_box_with_orc_wizards_in_it
D:5:      layout_basic, ashenzari_conservatory_becter, uniq_pikel, uniq_edmund,
          uniq_duvessa

Skill      XL: |  1  2  3  4  5  6  7 |
---------------+----------------------+-----
Stealth        | 1 2 3 4 5 |  5.5
Axes           | 3 4 |  4.4
Fighting       | 4 5 |  5.0
Transmutations | 3 |  3.7
Dodging        | 4 |  4.9
Shields        | 4 |  4.9

Action                   |  1- 3 |  4- 6 |  7- 9 || total
-------------------------+-------+-------+-------++-------
Melee: War axe           |    62 |   126 |    86 ||   274
       Constrict         |    14 |    31 |    13 ||    58
       Tentacles         |     5 |    18 |    14 ||    37
  Use: Scroll            |       |    10 |     3 ||    13
       Potion            |       |       |     4 ||     4
 Stab: Distracted        |     1 |       |       ||     1
       Sleeping          |     4 |    12 |     2 ||    18
Armor: Skin              |     2 |     9 |       ||    11
Dodge: Dodged            |    32 |    63 |    44 ||   139
Block: Kite shield       |    22 |    65 |    42 ||   129

Table legend: (Time is in decaauts)
 A = Elapsed time spent in this place.
 B = Non-inter-level travel time spent in this place.
 C = Inter-level travel time spent in this place.
 D = Time resting spent in this place.
 E = Time spent auto-exploring this place.
 F = Levels seen in this place.
 G = Mean time per level.
                   A        B        C        D        E       F      G
               +--------+--------+--------+--------+--------+-----+--------+
         Total |   5905 |   5848 |     57 |   1056 |   3921 |   5 | 1181.0 |
       Dungeon |   5905 |   5848 |     57 |   1056 |   3921 |   5 | 1181.0 |
               +--------+--------+--------+--------+--------+-----+--------+

Top non-repeatable levels by time:
     D:2: 1979 daAuts
     D:4: 1191 daAuts
     D:5: 1005 daAuts
     D:1: 909 daAuts
     D:3: 820 daAuts
